 Dungeon Crawl Stone Soup version 0.26-a0-771-g060e6a62af (webtiles) character file.

Game seed: 2674428689738544275

116485 dudeneo the Peltast (level 16, -2/157 HPs)
             Began as a Minotaur Fighter on Nov 9, 2020.
             Was the Champion of Qazlal.
             Killed from afar by a will-o-the-wisp (6 damage)
             ... with a foxfire
             ... on level 4 of the Swamp.
             The game lasted 01:35:08 (25402 turns).

dudeneo the Peltast (Minotaur Fighter)             Turns: 25402, Time: 01:35:08

Health: -2/157     AC: 29    Str: 27    XL:     16   Next: 21%
Magic:  2/20       EV:  9    Int:  7    God:    Qazlal [******]
Gold:   2494       SH: 32    Dex: 11    Spells: 15/15 levels left

rFire    + + .     SeeInvis .   u - +3 scimitar (flame)
rCold    . . .     Faith    .   Q - +0 tower shield
rNeg     . . .     Spirit   .   K - +10 plate armour {rF+}
rPois    +         Reflect  .   v - +1 hat {MR+}
rElec    .         Harm     .   t - scarf {repulsion}
rCorr    .         Rampage  .   e - +0 pair of gloves
MR       ++...                  (no boots)
Stlth    ..........             Y - amulet of regeneration
HPRegen  0.76/turn              F - ring of poison resistance
MPRegen  0.17/turn              w - +4 ring of protection

@: protected from fire, repel missiles
A: retaliatory headbutt, horns 2, clever 1, robust 1
a: Upheaval, Elemental Force, Disaster Area, Renounce Religion


You were on level 4 of the Swamp.
You worshipped Qazlal.
Qazlal was exalted by your worship.
You visited 4 branches of the dungeon, and saw 26 of its levels.

You collected 2494 gold pieces.

Inventory:

Hand Weapons
 p - a +5 falchion of freezing
 u - a +3 scimitar of flaming (weapon)
Missiles
 o - 17 curare-tipped darts (quivered)
 q - 74 poisoned darts
Armour
 e - a +0 pair of gloves (worn)
 t - a scarf of repulsion (worn)
 v - a +1 hat of magic resistance (worn)
 K - a +10 plate armour of fire resistance (worn)
 Q - a +0 tower shield (worn)
Jewellery
 h - an uncursed ring of protection from fire
 i - an uncursed ring of ice
 l - an uncursed ring of see invisible
 w - a +4 ring of protection (right hand)
 z - a +6 ring of strength
 F - a ring of poison resistance (left hand)
 N - the ring "Imiump" {+Fly rF- Str+3 Dex+6 Stlth-}
   (You took it off a boggart on level 11 of the Dungeon)

   [ring of attention]

   It affects your strength (+3).
   It affects your dexterity (+6).
   It makes you vulnerable to fire.
   It lets you fly.
   It makes you less stealthy.
 S - a +4 ring of evasion
 V - an uncursed ring of ice
 X - an uncursed ring of protection from magic
 Y - an amulet of regeneration (around neck)
Wands
 r - a wand of enslavement (2)
 s - a wand of random effects (11)
 x - a wand of iceblast (40)
 y - a wand of paralysis (5)
 C - a wand of polymorph (15)
 G - a wand of disintegration (10)
 J - a wand of digging (4)
 O - a wand of flame (78)
 T - a wand of acid (8)
Scrolls
 a - a scroll of amnesia
 b - 3 scrolls of fear
 g - 4 scrolls of fog
 m - 10 scrolls of teleportation
 n - 4 scrolls of blinking
 L - 9 scrolls of remove curse
 R - 2 scrolls of immolation
 W - 2 scrolls of magic mapping
 Z - 3 scrolls of identify
Potions
 d - 3 potions of might
 f - 4 potions of lignification
 k - 9 potions of curing
 A - 4 potions of flight
 D - a potion of brilliance
 H - 3 potions of ambrosia
 I - a potion of mutation
 M - a potion of magic
 P - a potion of invisibility
Miscellaneous
 c - a lightning rod (4/4)
 B - a box of beasts
 E - a phantom mirror (inert)
 U - a tin of tremorstones (1/2)


   Skills:
 - Level 13.1 Fighting
 - Level 15.7 Long Blades
 - Level 7.7 Throwing
 - Level 7.4 Armour
 - Level 5.7 Dodging
 + Level 20.8 Shields
 - Level 7.7 Invocations
 - Level 6.9 Evocations


You had 15 spell levels left.
You didn't know any spells.
Your spell library contained the following spells:

 Spells                   Type           Power        Failure   Level
 Animate Skeleton         Necr           #.....       100%        1
 Freeze                   Ice            #...         100%        1
 Pain                     Necr           #...         100%        1
 Sting                    Tmut/Pois      #...         100%        1
 Passwall                 Tmut/Erth      #.......     100%        2
 Poisonous Vapours        Pois/Air       #.....       100%        2
 Swiftness                Air            #.......     100%        2
 Confusing Touch          Hex            #.......     100%        3
 Conjure Flame            Conj/Fire      #.......     100%        3
 Frozen Ramparts          Ice            #.....       100%        3
 Gell's Gravitas          Tloc           #.........   100%        3
 Ignite Poison            Fire/Tmut/Pois #.......     100%        3
 Mephitic Cloud           Conj/Pois/Air  #.......     100%        3
 Ozocubu's Armour         Ice            #.......     100%        3
 Vampiric Draining        Necr           #.........   100%        3
 Animate Dead             Necr           #.........   100%        4
 Hailstorm                Conj/Ice       #.......     100%        4
 Leda's Liquefaction      Hex/Erth       #.........   100%        4
 Olgreb's Toxic Radiance  Pois           #.......     100%        4
 Passage of Golubria      Tloc           N/A          100%        4
 Petrify                  Tmut/Erth      #.......     100%        4
 Summon Ice Beast         Ice/Summ       #.......     100%        4
 Agony                    Necr           #.......     100%        5
 Bolt of Magma            Conj/Fire/Erth #.........   100%        5
 Lee's Rapid Deconstruct  Erth           #.........   100%        5
 Metabolic Englaciation   Hex/Ice        #.........   100%        5
 Yara's Violent Unravell  Hex/Tmut       #.........   100%        5
 Freezing Cloud           Conj/Ice/Air   #.........   100%        6
 Invisibility             Hex            #.......     100%        6
 Iron Shot                Conj/Erth      #.........   100%        6
 Statue Form              Tmut/Erth      #........    100%        6
 Shatter                  Erth           #.........   100%        9


Dungeon Overview and Level Annotations

Branches:
Dungeon (15/15)            Temple (1/1) D:7            Lair (6/6) D:10
  Swamp (4/4) Lair:2       Spider (0/4) Lair:2        Slime (0/5) Lair:5
    Orc (0/2) D:9          Vaults (0/5) D:13         Depths (0/5) D:15

Altars:
Ashenzari
Cheibriados
Dithmenos
Elyvilon
Fedhas
Gozag
Hepliaklqana
Kikubaaqudgha
Makhleb
Nemelex Xobeh
Okawaru
Qazlal
Ru
Sif Muna
Trog
Uskayaw
Vehumet
Wu Jian
Xom
Yredelemnul
Zin
The Shining One

Shops:
D:8 [   D:11 :   D:12 (

Annotations:
D:11 2 runed translucent doors
Lair:2 exclusion: ice statue


Innate Abilities, Weirdness & Mutations

You reflexively headbutt those who attack you in melee.
You have a pair of horns on your head.
Your mind is acute. (Int +2)
You are robust. (+10% HP)


Message History

The eight-headed hydra bites you but does no damage. x4
The eleionoma is engulfed in freezing vapours.
The eleionoma shouts!
The eleionoma hurls a spray of splinters at you.
The spray of wooden splinters is repelled.
The will-o-the-wisp gestures.
The will-o-the-wisp conjures some foxfire!
The eleionoma is engulfed in noxious fumes.
The eleionoma hits you.
* * * LOW HITPOINT WARNING * * *
Your resistance to fire fades away.
You feel protected from physical attacks.
The five-headed hydra is struck by lightning.
The five-headed hydra bites you but does no damage.
You block the five-headed hydra's attack. x2
The five-headed hydra bites you but does no damage.
The five-headed hydra misses you. The foxfire hits you. You resist.
Your resistance to physical damage fades away.
You feel protected from fire.
You die...

♣♣♣♣♣♣♣♣♣♣♣♣♣♣
♣♣..≈°≈D.♣..≈≈♣
♣.≈≈§≈☼R@v○§≈≈♣
♣.≈≈≈≈kDRD§≈.♣♣
♣♣♣≈≈≈≈○DD§≈......≈
♣≈°?≈D○v§§≈≈≈.§≈.
♣....D.ivv≈≈≈≈≈≈≈
♣≈≈≈.≈†≈≈♣.≈.♣♣♣♣
♣.≈..D§≈)≈♣♣♣♣
♣♣♣♣♣≈≈...≈≈
.≈≈≈≈≈≈≈≈


You could see 2 eleionomae, 2 eight-headed hydras, 2 seven-headed hydras, 2
five-headed hydras, 2 swamp dragons, a spriggan druid, a will-o-the-wisp and a
swamp drake (catching breath).

Vanquished Creatures
  Donald (Swamp:1)
  2 bunyips
  Azrael (D:14)
  Fannar (Lair:2)
  2 eleionomae (Swamp:3)
  11 hydras
  An ogre mage (D:11)
  A yaktaur captain (D:15)
  3 boulder beetles
  A vault guard (D:13)
  Harold (Lair:1)
  A catoblepas (Lair:6)
  A ghost crab (Swamp:1)
  6 alligators
  2 centaur warriors
  A death knight (D:14)
  A two-headed ogre (D:8)
  A queen ant (Lair:3)
  2 tengu warriors
  Urug (Lair:5)
  6 goliath frogs
  Sonja (Lair:1)
  8 bog bodies
  An unseen horror (D:11)
  4 spriggan druids
  4 swamp dragons
  3 deep elf magi
  19 ugly things
  An oklob plant (Lair:6)
  A manticore (D:11)
  3 cyclopes
  2 will-o-the-wisps
  10 elephants
  5 black mambas
  31 cane toads
  2 gargoyles
  Maggie (D:6)
  A kobold demonologist (D:14)
  17 komodo dragons
  A yaktaur (D:15)
  3 trolls
  A queen bee (Lair:4)
  8 polar bears
  12 tyrant leeches
  5 tengu conjurers
  3 meliai (Lair:4)
  4 jumping spiders (Lair:2)
  3 hornets
  9 slime creatures (D:15)
  41 blink frogs
  7 dream sheep (Lair:5)
  3 redbacks (Lair:2)
  4 shadows
  2 spriggans
  A vampire (D:15)
  4 wyverns
  A wraith (D:14)
  40 yaks
  3 basilisks
  7 vampire mosquitoes
  A steam dragon (D:7)
  A warg (shapeshifter) (D:14)
  4 soldier ants (Lair:3)
  2 acid dragons
  13 swamp worms
  7 hell hounds (D:14)
  17 water moccasins
  Duvessa (D:5)
  2 swamp drakes
  4 black bears
  9 ice beasts
  7 orc warriors
  8 ogres
  5 sky beasts
  A boggart (D:11)
  A phantom (D:4)
  2 necrophages
  5 wolves (Lair:5)
  An eye of draining (D:13)
  4 centaurs
  2 big kobolds
  40 bullfrogs
  Dowan (D:5)
  A wyvern zombie (D:13)
  5 scorpions
  A wyvern skeleton (D:12)
  36 killer bees
  4 wights (D:6)
  A vampire bat (D:5)
  3 howler monkeys
  3 bullfrog zombies
  2 centaur zombies
  3 bullfrog skeletons
  5 hounds
  15 jellies
  12 orc wizards
  7 orc priests
  Crazy Yiuf (D:4)
  4 centaur skeletons
  4 iguanas
  33 worker ants
  7 hell rats (Lair:6)
  3 hound skeletons
  9 adders
  2 howler monkey skeletons
  A shadow imp (D:9)
  6 white imps
  3 ufetubi
  2 oozes
  4 adder skeletons
  2 adder zombies
  A worm (D:3)
  A dart slug (D:1)
  3 leopard geckos
  58 orcs
  15 bats
  6 giant cockroaches
  5 goblins
  4 hobgoblins
  13 jackals
  16 kobolds
  3 quokkas
  3 frilled lizards
  A giant cockroach zombie (D:5)
  3 leopard gecko skeletons
  2 leopard gecko zombies
  A quokka skeleton (D:7)
  7 rats
782 creatures vanquished.

Vanquished Creatures (collateral kills)
  A swamp dragon (Swamp:4)
  A vampire mosquito (Lair:6)
2 creatures vanquished.

Vanquished Creatures (others)
  A bush (Lair:6)
  16 foxfires
  40 fungi
  95 plants
152 creatures vanquished.

Grand Total: 936 creatures vanquished

Notes
Turn   | Place    | Note
-------+----------+-------------------------------------------
     0 | D:1      | dudeneo the Minotaur Fighter began the quest for the Orb.
     0 | D:1      | Reached XP level 1. HP: 19/19 MP: 0/0
    96 | D:1      | Reached skill level 4 in Shields
   175 | D:1      | Reached XP level 2. HP: 26/26 MP: 1/1
   323 | D:1      | Reached skill level 5 in Shields
   632 | D:2      | Reached XP level 3. HP: 31/31 MP: 2/2
   677 | D:2      | Found a shadowy altar of Dithmenos.
  1017 | D:2      | Found a stormy altar of Qazlal.
  1025 | D:2      | Became a worshipper of Qazlal Stormbringer
  1381 | D:3      | Reached skill level 6 in Shields
  1381 | D:3      | Reached XP level 4. HP: 39/39 MP: 3/3
  1923 | D:3      | Found a radiant altar of Vehumet.
  1923 | D:3      | Found a shimmering altar of Xom.
  2002 | D:4      | Noticed an ogre
  2016 | D:4      | Killed an ogre
  2016 | D:4      | Reached skill level 7 in Shields
  2016 | D:4      | Reached XP level 5. HP: 22/45 MP: 4/4
  2339 | D:4      | Noticed a phantom
  2364 | D:4      | Killed a phantom
  2364 | D:4      | Reached skill level 8 in Shields
  2364 | D:4      | Reached XP level 6. HP: 47/51 MP: 5/5
  2491 | D:4      | Reached * piety under Qazlal
  2528 | D:4      | Found a runed translucent door.
  2530 | D:4      | Noticed Crazy Yiuf
  2617 | D:4      | Reached skill level 9 in Shields
  2671 | D:4      | Got a fine helmet
  2683 | D:4      | Reached XP level 7. HP: 47/57 MP: 6/6
  3023 | D:4      | Got a clouded lead ring
  3222 | D:4      | Killed Crazy Yiuf
  3222 | D:4      | Reached skill level 10 in Shields
  3296 | D:5      | Entered Level 5 of the Dungeon
  3349 | D:5      | Noticed Dowan
  3352 | D:5      | Noticed Duvessa
  3365 | D:5      | Killed Duvessa
  3378 | D:5      | Killed Dowan
  3378 | D:5      | Reached skill level 11 in Shields
  3533 | D:5      | Reached XP level 8. HP: 59/64 MP: 7/7
  3658 | D:5      | Found a broken altar of Ashenzari.
  3707 | D:5      | Reached skill level 12 in Shields
  3724 | D:5      | You fall into a shaft and drop 3 floors!
  3768 | D:8      | Reached ** piety under Qazlal
  3768 | D:8      | Reached skill level 13 in Shields
  4125 | D:8      | Reached XP level 9. HP: 70/70 MP: 8/8
  4169 | D:8      | Noticed a two-headed ogre
  4230 | D:7      | Reached skill level 14 in Shields
  4397 | D:7      | Found a blossoming altar of Fedhas.
  4427 | D:7      | Found a staircase to the Ecumenical Temple.
  4449 | Temple   | Entered the Ecumenical Temple
  4661 | D:7      | Found a snail-covered altar of Cheibriados.
  4850 | D:7      | Reached *** piety under Qazlal
  5453 | D:7      | Reached skill level 15 in Shields
  5682 | D:6      | Noticed Maggie
  5699 | D:6      | Killed Maggie
  5750 | D:6      | Found a hide-covered altar of Uskayaw.
  5783 | D:6      | Reached skill level 5 in Long Blades
  6379 | D:6      | Identified the ring of Guite {Str+3 Int+6} (You found it on
                  | level 4 of the Dungeon)
  7028 | D:8      | Reached **** piety under Qazlal
  7111 | D:8      | Found Biaxaxul's Distillery.
  7293 | D:8      | Killed a two-headed ogre
  7293 | D:8      | Reached XP level 10. HP: 31/77 MP: 9/9
  7522 | D:8      | Found Guettem's Antique Armour Boutique.
  7595 | D:8      | Found a sparkling altar of Nemelex Xobeh.
  7979 | D:9      | Found a staircase to the Orcish Mines.
  8641 | D:10     | Entered Level 10 of the Dungeon
  8784 | D:10     | Reached skill level 10 in Long Blades
  9224 | D:10     | Found a staircase to the Lair.
  9494 | D:11     | Found a blossoming altar of Fedhas.
  9505 | D:11     | Noticed a green ugly thing
  9515 | D:11     | Killed an unseen horror
  9525 | D:11     | Killed a green ugly thing
  9528 | D:11     | Noticed a cyclops
  9535 | D:11     | Killed a cyclops
  9535 | D:11     | Reached XP level 11. HP: 53/82 MP: 10/10
  9823 | D:11     | Noticed a boulder beetle
  9825 | D:11     | Noticed a boulder beetle
  9844 | D:11     | Identified the ring "Imiump" {+Fly rF- Str+3 Dex+6 Stlth-}
 10100 | D:11     | Reached ***** piety under Qazlal
 10184 | D:11     | Identified the +3 chain mail of Plasticity {*Corrode rN++
                  | Str+4}
 10279 | D:11     | Found Zoid Vof's Book Boutique.
 10384 | D:11     | Found a runed translucent door.
 10384 | D:11     | Noticed an ogre mage
 10403 | D:11     | Found a runed translucent door.
 10468 | D:11     | Noticed an ogre mage
 10474 | D:11     | Killed an ogre mage
 10543 | D:11     | Killed a boulder beetle
 10635 | D:11     | Killed a boulder beetle
 10635 | D:11     | Reached skill level 15 in Long Blades
 10673 | D:11     | Noticed a brown ugly thing
 10674 | D:11     | Noticed a purple ugly thing
 10681 | D:11     | Killed a brown ugly thing
 10684 | D:11     | Killed a purple ugly thing
 10684 | D:11     | Reached skill level 1 in Throwing
 10684 | D:11     | Reached skill level 1 in Invocations
 10684 | D:11     | Reached skill level 1 in Evocations
 11112 | D:12     | Found Tylalut's Antique Weapon Emporium.
 11198 | D:12     | Reached skill level 5 in Fighting
 11594 | D:13     | Noticed a vault guard
 11613 | D:13     | Killed a vault guard
 11613 | D:13     | Reached XP level 12. HP: 87/96 MP: 12/12
 11649 | D:13     | Found a gate to the Vaults.
 11674 | D:13     | Noticed a tengu warrior
 11695 | D:13     | Killed a tengu warrior
 12658 | D:14     | Noticed Azrael
 12681 | D:14     | Killed Azrael
 12732 | D:14     | Noticed a death knight
 12754 | D:14     | Killed a death knight
 12754 | D:14     | Reached skill level 5 in Invocations
 12837 | D:14     | Noticed a tengu warrior
 12853 | D:14     | Killed a tengu warrior
 12853 | D:14     | Reached skill level 5 in Throwing
 12974 | D:14     | Noticed a centaur warrior
 12983 | D:14     | Killed a centaur warrior
 13052 | D:14     | Got a translucent hand axe
 13052 | D:14     | Identified the +1 hand axe "Qixexe" {speed, rPois} (You
                  | found it on level 14 of the Dungeon)
 13061 | D:14     | Found a burning altar of Makhleb.
 13061 | D:14     | Noticed a green death
 13138 | D:14     | Reached skill level 10 in Fighting
 13145 | D:14     | Reached XP level 13. HP: 77/113 MP: 14/16
 13165 | D:14     | Reached ****** piety under Qazlal
 13172 | D:14     | Reached skill level 5 in Evocations
 13625 | D:15     | Entered Level 15 of the Dungeon
 15178 | D:15     | Found a staircase to the Depths.
 15720 | Lair:1   | Entered Level 1 of the Lair of Beasts
 15986 | Lair:1   | Noticed Harold
 15995 | Lair:1   | Killed Harold
 16034 | Lair:1   | Noticed Sonja
 16041 | Lair:1   | Killed Sonja
 16054 | Lair:1   | Reached skill level 1 in Dodging
 16862 | Lair:2   | Noticed Fannar
 16871 | Lair:2   | Killed Fannar
 17036 | Lair:2   | Found a hole to the Spider Nest.
 17106 | Lair:2   | Reached XP level 14. HP: 116/126 MP: 18/18
 17111 | Lair:2   | Reached skill level 5 in Armour
 17278 | Lair:2   | Found a staircase to the Swamp.
 18417 | Lair:3   | Gained mutation: You are robust. (+10% HP) [potion of
                  | mutation]
 18417 | Lair:3   | Gained mutation: Your mind is acute. (Int +2) [potion of
                  | mutation]
 19773 | Lair:4   | Reached skill level 5 in Dodging
 20373 | Lair:5   | Noticed Urug
 20648 | Lair:5   | Killed Urug
 20879 | Lair:5   | Found a staircase to the Slime Pits.
 21263 | Lair:6   | Entered Level 6 of the Lair of Beasts
 21290 | Lair:6   | Reached skill level 16 in Shields
 21321 | Lair:6   | Reached XP level 15. HP: 74/148 MP: 19/19
 21381 | Lair:6   | Reached skill level 17 in Shields
 22158 | Lair:6   | Reached skill level 18 in Shields
 23060 | Swamp:1  | Entered Level 1 of the Swamp
 23070 | Swamp:1  | Noticed Donald
 23093 | Swamp:1  | Killed Donald
 23200 | Swamp:1  | Reached skill level 19 in Shields
 24671 | Swamp:3  | Reached skill level 20 in Shields
 24708 | Swamp:3  | Reached XP level 16. HP: 105/157 MP: 20/20
 25216 | Swamp:4  | Entered Level 4 of the Swamp
 25401 | Swamp:4  | HP: 7/157 [eight-headed hydra (9)]
 25402 | Swamp:4  | Killed from afar by a will-o-the-wisp

Illustrated notes

Levels and vault maps discovered:
D:1:      saegor_arrival_miasma, layout_rooms
D:2:      layout_basic, overflow_temple_1_default,
          nicolae_dithmenos_shadow_blocks
D:3:      layout_loops_ring, gammafunk_temple_overflow_elements
D:4:      minmay_bubble_buster, layout_loops_ring, dk_noncrumbling_3,
          uniq_crazy_yiuf_cottage
D:5:      layout_basic, ashenzari_conservatory_becter, roderic_batcave,
          uniq_duvessa
D:6:      layout_basic, eat_drink_and_be_merry_uskayaw, uniq_maggie
D:7:      layout_basic, lemuel_doored_altar, minmay_temple_entry_large_hall,
          fedhas_altar_1
D:8:      layout_basic, marbit_many_paths, serial_shops, shop, shop
D:9:      layout_grid_maze, orc_0_dummy
D:10:     layout_irregular_city, david_lair_shrubbed, serial_column_ruins,
          column_ruins_circle_medium, column_ruins_corridor_corner,
          column_ruins_grid_1, column_ruins_grid_2, column_ruins_grid_3,
          column_ruins_open_tiny
D:11:     minmay_the_grid_triangle_9x9_recursive_2_mashed
          [minmay_the_grid_triangle_9x9_prize_insulated,
          minmay_the_grid_triangle_9x9_alien,
          minmay_the_grid_triangle_9x9_tough_junction,
          minmay_the_grid_triangle_9x9_intruding_spiral], layout_small_grid,
          basic_altar, serial_shops, shop, serial_glass, glass_columns_a,
          glass_columns_c, glass_columns_b, glass_columns_a, glass_columns_a,
          glass_columns_b, due_unseen_surprise, minmay_strange_pillars,
          serial_bayou_pond_a
D:12:     layout_roguey, serial_shops, shop, nicolae_lava_and_water,
          lemuel_flame_loot_1
D:13:     layout_rooms, david_vaults_5
D:14:     layout_roguey, makhleb_altar_promises_db, uniq_azrael
D:15:     grunt_enter_depths_snipers, layout_stronghold, minmay_misc_feat_five
Temple:   eino_narrow_crystal_temple
Lair:1:   layout_regular_city, grunt_megastairs_3, uniq_sonja, uniq_harold
Lair:2:   layout_gridlike, skrybe_swamp_entry_bodies,
          nicolae_spider_entry_tight_spaces, ice2_lemuel,
          infiniplex_staircase_pool, lemuel_fruit_tree, uniq_fannar
Lair:3:   layout_gridlike, st_stairs_12, minmay_another_anthill
Lair:4:   layout_misc_corridors, special_room [special_room_bee]
Lair:5:   layout_hall_layers, minmay_slime_entry_jelly_boxes,
          beast_lair_carwin_11, uniq_urug
Lair:6:   minmay_lair_end_frog_pond, layout_loops_ring
Swamp:1:  layout_basic_swamp, evilmike_swamp_ruin_house_4, uniq_donald
Swamp:2:  layout_basic_swamp, serial_swamp_ruin, evilmike_swamp_ruin_house_5,
          evilmike_swamp_ruin_rubble_2, infiniplex_staircase_pool_2
Swamp:3:  layout_falls_marsh, hangedman_swamp_blocks
Swamp:4:  swamp, layout_basic_swamp

Skill      XL: |  1  2  3  4  5  6  7  8  9 10 11 12 13 14 15 |
---------------+----------------------------------------------+-----
Shields        | 4 5 6 7 8 9 11 13 15 16 20 | 20.8
Long Blades    | 8 12 15 | 15.7
Fighting       | 6 10 12 13 | 13.1
Throwing       | 2 5 6 7 |  7.7
Invocations    | 2 5 6 7 |  7.7
Evocations     | 2 4 6 |  6.9
Dodging        | 2 5 |  5.7
Armour         | 4 7 |  7.4

Action                   |  1- 3 |  4- 6 |  7- 9 | 10-12 | 13-15 | 16-18 || total
-------------------------+-------+-------+-------+-------+-------+-------++-------
Melee: Long sword        |    39 |       |       |       |       |       ||    39
       Headbutt          |    10 |    20 |    90 |   157 |   351 |    16 ||   644
       Whip              |    37 |   111 |   321 |       |       |       ||   469
       Falchion          |       |       |    99 |   642 |   925 |       ||  1666
       Scimitar          |       |       |       |    11 |   453 |    51 ||   515
       Unarmed           |       |       |       |       |     5 |       ||     5
Throw: Dart              |       |       |       |     3 |       |       ||     3
       Boomerang         |       |       |       |     1 |       |       ||     1
Invok: Disaster Area     |       |       |       |       |       |     2 ||     2
       Elemental Force   |       |       |       |       |       |     1 ||     1
Evoke: Tin of tremorston |       |       |       |       |     2 |     1 ||     3
       Lightning rod     |       |       |       |       |     2 |       ||     2
       Box of beasts     |       |       |       |       |     2 |       ||     2
       Wand              |       |       |       |       |     1 |       ||     1
       Phantom mirror    |       |       |       |       |       |     1 ||     1
  Use: Potion            |       |       |     6 |     2 |    13 |       ||    21
       Scroll            |       |       |    12 |     9 |    15 |     2 ||    38
 Stab: Invisible         |       |       |     1 |       |       |       ||     1
Armor: Scale mail        |    36 |    28 |    29 |       |       |       ||    93
       Chain mail        |       |       |    73 |       |       |       ||    73
       Skin              |       |       |     8 |       |   110 |       ||   118
       Fire dragon scale |       |       |    18 |       |       |       ||    18
       Plate armour      |       |       |       |   106 |   325 |    56 ||   487
Dodge: Dodged            |    36 |    17 |    80 |    42 |   176 |    30 ||   381
       Repelled          |       |       |       |     3 |     5 |     3 ||    11
Block: Kite shield       |    39 |    55 |   346 |   372 |   707 |       ||  1519
       Tower shield      |       |       |       |       |   702 |   110 ||   812
       Rpst.: Long sword |     5 |       |       |       |       |       ||     5
       Falchion          |       |       |     3 |     9 |    33 |       ||    45
       Scimitar          |       |       |       |       |     6 |     4 ||    10

Table legend: (Time is in decaauts)
 A = Elapsed time spent in this place.
 B = Non-inter-level travel time spent in this place.
 C = Inter-level travel time spent in this place.
 D = Time resting spent in this place.
 E = Time spent auto-exploring this place.
 F = Levels seen in this place.
 G = Mean time per level.
                   A        B        C        D        E       F      G
               +--------+--------+--------+--------+--------+-----+--------+
         Total |  24927 |  23861 |   1066 |   3399 |  16034 |  26 |  958.7 |
       Dungeon |  15293 |  14545 |    748 |   1436 |  10507 |  15 | 1019.5 |
        Temple |    191 |    178 |     13 |      0 |    178 |   1 |  191.0 |
          Lair |   7012 |   6793 |    219 |   1409 |   4027 |   6 | 1168.7 |
         Swamp |   2430 |   2345 |     85 |    554 |   1322 |   4 |  607.5 |
               +--------+--------+--------+--------+--------+-----+--------+

Top non-repeatable levels by time:
    D:15: 1931 daAuts
  Lair:3: 1589 daAuts
     D:4: 1539 daAuts
  Lair:6: 1476 daAuts
    D:14: 1421 daAuts
     D:8: 1288 daAuts
  Lair:2: 1224 daAuts
    D:11: 1187 daAuts
     D:7: 1177 daAuts
    D:10: 1082 daAuts
  Lair:4: 1023 daAuts
     D:6: 977 daAuts
 Swamp:1: 937 daAuts
  Lair:1: 895 daAuts
     D:3: 836 daAuts
